 Dungeon Crawl Stone Soup version 0.19.1-1-g22dce08 (webtiles) character file.

718 dngmouse the Cleaver (level 7, -7/61 HPs)
             Began as a Hill Orc Fighter on Jan 15, 2017.
             Was an Initiate of Makhleb.
             Mangled by a troll (15 damage)
             ... on level 5 of the Dungeon.
             The game lasted 00:07:55 (2949 turns).

dngmouse the Cleaver (Hill Orc Fighter)             Turns: 2949, Time: 00:07:57

Health: -7/61      AC:  7    Str: 21    XL:     7   Next: 70%
Magic:  7/7        EV: 10    Int:  8    God:    Makhleb [......]
Gold:   229        SH: 10    Dex: 15    Spells: 0 memorised, 6 levels left

rFire  + . .     SeeInvis .     a - +0 war axe
rCold  . . .     Gourm    .     n - +0 chain mail
rNeg   . . .     Faith    .     c - +1 shield
rPois  .         Spirit   .     (no helmet)
rElec  .         Reflect  .     (no cloak)
rCorr  .         Harm     .     (no gloves)
MR     .....                    (no boots)
Stlth  ..........               (no amulet)
                                A - ring of protection from fire
                                C - -2 ring of protection (curse)

@: agile
A: no striking features
a: Renounce Religion


You were on level 5 of the Dungeon.
You worshipped Makhleb.
Makhleb was noncommittal.
You were not hungry.

You visited 1 branch of the dungeon, and saw 5 of its levels.

You collected 229 gold pieces.

Inventory:

Hand Weapons
 a - a +0 war axe (weapon)
Missiles
 p - 6 tomahawks of returning (quivered)
 B - 2 tomahawks
Armour
 c - a +1 shield (worn)
 n - a +0 chain mail (worn)
Jewellery
 k - an uncursed ring of magical power
 A - a ring of protection from fire (right hand)
 C - a cursed -2 ring of protection (left hand)
Scrolls
 e - a scroll of random uselessness
 i - 4 scrolls of identify
 j - 3 scrolls of fog
 l - 3 scrolls of teleportation
 o - 2 scrolls of recharging
 r - a scroll of immolation
 y - a scroll of remove curse {unknown}
Potions
 b - a potion of agility
 d - a potion of might
 m - a potion of heal wounds
 q - 3 potions of cancellation
 s - a potion of cure mutation {unknown}
 t - 2 potions of degeneration {unknown}
 u - 2 potions of magic {unknown}
 w - a potion of brilliance {unknown}
 x - a potion of flight {unknown}
 z - a potion of ambrosia {unknown}
 D - 2 potions of haste {unknown}
 E - a potion of berserk rage {unknown}
Comestibles
 f - 5 bread rations
 h - a beef jerky
 v - 2 meat rations


   Skills:
 - Level 5.0 Fighting
 * Level 10.3 Axes
 - Level 3.2 Armour
 - Level 3.2 Shields


You had 6 spell levels left.
You didn't know any spells.

Dungeon Overview and Level Annotations

Branches:
Dungeon (5/15)
 Temple: D:4-7

Altars:
Elyvilon
Gozag
Makhleb
Nemelex Xobeh
Ru

Shops:
D:5 %

Annotations:
D:5 4 runed doors


Message History

The troll bites you! You block the troll's attack. The troll claws you.
You hit the troll.
The troll is lightly wounded.
You block the troll's attack. x2; The troll claws you!
It was a potion of heal wounds.
You feel much better. The troll bites you! The troll claws you. x2
It was a potion of agility.
You feel agile all of a sudden. The troll bites you.
You block the troll's attack. The troll claws you.
Your shield and chain mail prevent you from hitting the troll.
The troll completely misses you. The troll claws you.
* * * LOW HITPOINT WARNING * * *
You block the troll's attack.
You hit the troll.
The troll is lightly wounded.
The troll bites you.
* * * LOW HITPOINT WARNING * * *
The troll closely misses you. You block the troll's attack.
The troll bites you!
You die...

####### ##≈≈...###
##≈####@T≈# ####.##
+##≈≈≈..# #### #..#.#
###.. ##... #.##.#.....#
### #..## #.##.#P≈..P#
#.# #.##
#.##≈#≈PP≈$#.....#.# #.#
#.##≈#..?.$#.P..P#.####.#
#..#≈#≈≈≈≈≈#≈P≈.?#......#
#.(#≈##;;≈##(≈).$#.###..#


You could see a troll.

Vanquished Creatures
  A phantom (D:4)
  A centaur (D:5)
  An ogre (D:5)
  A howler monkey (D:4)
  A crimson imp (D:4)
  2 hounds (D:5)
  A jelly (D:5)
  2 centaur skeletons (D:4)
  2 orc wizards
  2 worker ants
  5 adders
  2 oozes
  A dart slug (D:3)
  3 leopard geckos
  16 orcs
  3 ball pythons
  5 giant cockroaches
  7 goblins
  6 hobgoblins
  7 jackals
  8 kobolds
  A quokka (D:2)
  A ball python skeleton (D:4)
  6 bats
  6 frilled lizards
  2 leopard gecko skeletons (D:4)
  4 rats
  A plant (D:1)
98 creatures vanquished.

Notes
Turn   | Place    | Note
-------+----------+-------------------------------------------
     0 | D:1      | dngmouse the Hill Orc Fighter began the quest for the Orb.
     0 | D:1      | Reached XP level 1. HP: 19/19 MP: 1/1
   129 | D:1      | Reached skill level 3 in Axes
   181 | D:1      | Reached XP level 2. HP: 26/27 MP: 2/2
   395 | D:1      | Reached skill level 4 in Axes
   412 | D:1      | Reached XP level 3. HP: 26/33 MP: 3/3
   678 | D:2      | Found a sacrificial altar of Ru.
   737 | D:2      | Reached XP level 4. HP: 39/41 MP: 4/4
   862 | D:2      | Found an opulent altar of Gozag.
  1042 | D:3      | Reached skill level 5 in Axes
  1522 | D:3      | Reached skill level 5 in Fighting
  1522 | D:3      | Reached XP level 5. HP: 46/48 MP: 5/5
  1690 | D:4      | Reached skill level 6 in Axes
  1763 | D:4      | Found a sparkling altar of Nemelex Xobeh.
  1790 | D:4      | Reached skill level 7 in Axes
  1790 | D:4      | Reached XP level 6. HP: 15/56 MP: 6/6
  2019 | D:4      | Found a burning altar of Makhleb.
  2021 | D:4      | Found a white marble altar of Elyvilon.
  2027 | D:4      | Became a worshipper of Makhleb the Destroyer
  2082 | D:4      | Noticed a phantom
  2122 | D:4      | Killed a phantom
  2142 | D:4      | Reached skill level 8 in Axes
  2386 | D:5      | Entered Level 5 of the Dungeon
  2397 | D:5      | Reached XP level 7. HP: 58/61 MP: 7/7
  2402 | D:5      | Found Gelil's Food Shop.
  2514 | D:5      | Reached skill level 9 in Axes
  2546 | D:5      | Found a large runed door.
  2547 | D:5      | Found a large runed door.
  2603 | D:5      | Found a large runed door.
  2603 | D:5      | Found a large runed door.
  2620 | D:5      | Reached skill level 10 in Axes
  2935 | D:5      | Noticed a troll
  2949 | D:5      | Mangled by a troll

Skill      XL: |  1  2  3  4  5  6  7 |
---------------+----------------------+-----
Axes           | 3 4 5 7 8 10 | 10.3
Fighting       | 4 5 |  5.0
Armour         | |  3.2
Shields        | |  3.2

Action                   |  1- 3 |  4- 6 |  7- 9 || total
-------------------------+-------+-------+-------++-------
Melee: War axe           |   121 |   176 |    53 ||   350
  Use: Scroll            |       |     8 |       ||     8
       Potion            |       |       |     2 ||     2
  Eat: Chunk             |       |     5 |     2 ||     7
Armor: Scale mail        |    16 |       |       ||    16
       Chain mail        |    54 |    94 |    18 ||   166
Dodge: Dodged            |    24 |    32 |    11 ||    67
Block: Shield            |    70 |    93 |    39 ||   202
